[Event "EYCC Open-U12 2019"]
[Site "Bratislava"]
[Date "2019.08.08"]
[Round "7.46"]
[White "Lye, Sverre"]
[Black "Grishin, Petr E."]
[Result "1-0"]
[ECO "C50"]
[WhiteElo "1839"]
[BlackElo "1506"]
[Annotator "NA"]
[PlyCount "59"]
[EventDate "2019.08.02"]
[EventType "swiss"]
[EventCountry "SVK"]
[SourceTitle "playchess.com"]
[Source "ChessBase"]
[SourceQuality "1"]
[TimeControl "40/5400+30:1800+30"]

1. e4 e5 2. Nf3 Nc6 3. Bc4 Nf6 4. d3 Bc5 5. c3 O-O 6. O-O d5 7. exd5 Nxd5 8. a4 Nb6 9. Bb5 f6 10. a5 Nd5 11. Nbd2 a6 12. Bc4 Kh8 13. d4 exd4 14. Nb3 Ba7 15. Nbxd4 Bg4 16. h3 Bxf3 17. Nxf3 Nde7 18. Bf4 Qxd1 19. Rfxd1 Rad8 20. Bxc7 Rxd1+ 21. Rxd1 Rc8 22. Rd7 Ng6 23. Bd5 Nge7 24. Be6 h5 25. Bd6 Ng6 26. b4 Nd8 27. Bf5 Kh7 28. Rxg7+ Kxg7 29. Bxc8 Nf7 30. Bc7 1-0

[Event "EYCC Open-U12 2019"]
[Site "Bratislava"]
[Date "2019.08.08"]
[Round "7.47"]
[White "Leal Prado, David Elias"]
[Black "Krawczyk, Flawian"]
[Result "1/2-1/2"]
[ECO "D31"]
[WhiteElo "1741"]
[BlackElo "1848"]
[Annotator "NA"]
[PlyCount "74"]
[EventDate "2019.08.02"]
[EventType "swiss"]
[EventCountry "SVK"]
[SourceTitle "playchess.com"]
[Source "ChessBase"]
[SourceQuality "1"]
[TimeControl "40/5400+30:1800+30"]

1. d4 d5 2. c4 e6 3. Nc3 Bb4 4. cxd5 exd5 5. Bf4 Nf6 6. Qc2 O-O 7. e3 c5 8. a3 Bxc3+ 9. bxc3 cxd4 10. cxd4 Qa5+ 11. Qd2 Qxd2+ 12. Kxd2 Ne4+ 13. Ke1 Re8 14. Nf3 Nc6 15. Rb1 a6 16. Bd3 f6 17. h4 b5 18. Nd2 Na5 19. Bxe4 dxe4 20. Ke2 Be6 21. Rhc1 Bc4+ 22. Nxc4 Nxc4 23. a4 Kf7 24. Rb4 Rec8 25. axb5 axb5 26. Rxb5 Ra2+ 27. Ke1 Ke6 28. d5+ Kf5 29. Rb4 Nb2 30. Rxc8 Nd3+ 31. Kf1 Ra1+ 32. Ke2 Ra2+ 33. Kf1 Ra1+ 34. Ke2 Ra2+ 35. Kd1 Nxb4 36. d6 Ra3 37. Rc1 Nd3 1/2-1/2

[Event "EYCC Open-U12 2019"]
[Site "Bratislava"]
[Date "2019.08.08"]
[Round "7.48"]
[White "Snitsarenko, Igor"]
[Black "Wahlgreen, Noah"]
[Result "0-1"]
[ECO "B12"]
[WhiteElo "1481"]
[BlackElo "1743"]
[Annotator "NA"]
[PlyCount "98"]
[EventDate "2019.08.02"]
[EventType "swiss"]
[EventCountry "SVK"]
[SourceTitle "playchess.com"]
[Source "ChessBase"]
[SourceQuality "1"]
[TimeControl "40/5400+30:1800+30"]

1. e4 c6 2. d4 d5 3. e5 Bf5 4. h4 h5 5. Bd3 Bxd3 6. Qxd3 Qa5+ 7. Nd2 e6 8. Ngf3 Nh6 9. c3 Nf5 10. Nb3 Qa6 11. Qxa6 Nxa6 12. Be3 Be7 13. Ke2 Rc8 14. g3 O-O 15. Kd2 Rfd8 16. Nc1 c5 17. a3 Rd7 18. Ne2 Nb8 19. Nf4 g6 20. Nd3 c4 21. Nb4 a5 22. Nc2 Nc6 23. a4 Kg7 24. Bg5 b6 25. Bxe7 Rxe7 26. Ne3 Nxe3 27. fxe3 Rb8 28. Kc2 Reb7 29. Ng5 Ne7 30. e4 dxe4 31. Nxe4 Nf5 32. Ra3 b5 33. Nc5 b4 34. Nxb7 bxa3 35. Nxa5 Rxb2+ 36. Kc1 Nxg3 37. Re1 Ne2+ 38. Rxe2 Rxe2 39. Kb1 Re3 40. Nc6 Rxc3 41. a5 Rb3+ 42. Ka2 g5 43. a6 Rb6 44. a7 Ra6 45. hxg5 h4 46. g6 fxg6 47. d5 exd5 48. e6 h3 49. e7 Kf7 0-1

[Event "EYCC Open-U12 2019"]
[Site "Bratislava"]
[Date "2019.08.08"]
[Round "7.50"]
[White "Asllani, Dorian"]
[Black "Soucek, Jan"]
[Result "1-0"]
[ECO "D47"]
[WhiteElo "1718"]
[BlackElo "1577"]
[Annotator "NA"]
[PlyCount "79"]
[EventDate "2019.08.02"]
[EventType "swiss"]
[EventCountry "SVK"]
[SourceTitle "playchess.com"]
[Source "ChessBase"]
[SourceQuality "1"]
[TimeControl "40/5400+30:1800+30"]

1. d4 d5 2. Nf3 Nf6 3. c4 c6 4. Nc3 e6 5. e3 Nbd7 6. Bd3 dxc4 7. Bxc4 b5 8. Bd3 Bb7 9. O-O Bd6 10. e4 e5 11. dxe5 Nxe5 12. Nxe5 Bxe5 13. f4 Bd4+ 14. Kh1 O-O 15. e5 Bxc3 16. bxc3 Nd5 17. Qc2 Qh4 18. Bd2 Nb6 19. Be3 Nd7 20. Bf5 Rad8 21. Rf3 g6 22. Be4 Qe7 23. Rh3 Nc5 24. Bf3 Bc8 25. Rg3 Kh8 26. Bxc6 Bf5 27. Qf2 Nd3 28. Qg1 a6 29. Bd4 Rc8 30. e6+ f6 31. Bd7 Rc7 32. Qe3 Nb2 33. Re1 Nc4 34. Qf2 h5 35. h3 Rd8 36. Kh2 Kh7 37. Bb6 Nxb6 38. Qxb6 Rcc8 39. Bxc8 Rxc8 40. Qxa6 1-0

[Event "EYCC Open-U12 2019"]
[Site "Bratislava"]
[Date "2019.08.08"]
[Round "7.51"]
[White "Aasen, Joakim"]
[Black "Aasen, Fredrik"]
[Result "1/2-1/2"]
[ECO "C46"]
[WhiteElo "1718"]
[BlackElo "1606"]
[Annotator "NA"]
[PlyCount "32"]
[EventDate "2019.08.02"]
[EventType "swiss"]
[EventCountry "SVK"]
[SourceTitle "playchess.com"]
[Source "ChessBase"]
[SourceQuality "1"]
[TimeControl "40/5400+30:1800+30"]

1. e4 e5 2. Nf3 Nc6 3. Nc3 d6 4. Bc4 Be7 5. O-O Nf6 6. d3 O-O 7. Bg5 Bg4 8. h3 Bh5 9. Bxf6 Bxf6 10. Nd5 Na5 11. Bb3 Nxb3 12. axb3 c6 13. Nxf6+ Qxf6 14. b4 Bxf3 15. Qxf3 Qxf3 16. gxf3 f5 1/2-1/2

[Event "EYCC Open-U12 2019"]
[Site "Bratislava"]
[Date "2019.08.08"]
[Round "7.52"]
[White "Knudsen, Philip Uhre"]
[Black "Lup, Constantin-Ionel"]
[Result "1-0"]
[ECO "B90"]
[WhiteElo "1590"]
[BlackElo "1739"]
[Annotator "NA"]
[PlyCount "65"]
[EventDate "2019.08.02"]
[EventType "swiss"]
[EventCountry "SVK"]
[SourceTitle "playchess.com"]
[Source "ChessBase"]
[SourceQuality "1"]
[TimeControl "40/5400+30:1800+30"]

1. e4 c5 2. Nf3 d6 3. d4 cxd4 4. Nxd4 Nf6 5. Nc3 a6 6. Be3 g6 7. Qd2 b5 8. f3 h5 9. a4 b4 10. Na2 a5 11. c3 bxc3 12. Nxc3 Ba6 13. Rc1 Bxf1 14. Rxf1 Na6 15. Nc6 Qd7 16. Nxa5 Bg7 17. Nc4 Rb8 18. Kf2 O-O 19. Nb6 Qb7 20. a5 Nd7 21. Ncd5 Ndc5 22. Qd1 Bxb2 23. Rb1 Bg7 24. Qc2 Qa7 25. Kg1 e6 26. Nc3 Nb4 27. Rxb4 Qxa5 28. Rfb1 Bxc3 29. Qxc3 Rxb6 30. Bh6 e5 31. Bxf8 Rxb4 32. Rxb4 Na4 33. Qc4 1-0

[Event "EYCC Open-U12 2019"]
[Site "Bratislava"]
[Date "2019.08.08"]
[Round "7.53"]
[White "Trzebinski, Patryk"]
[Black "Skreko, Igor"]
[Result "0-1"]
[ECO "B90"]
[WhiteElo "1679"]
[BlackElo "1688"]
[Annotator "NA"]
[PlyCount "68"]
[EventDate "2019.08.02"]
[EventType "swiss"]
[EventCountry "SVK"]
[SourceTitle "playchess.com"]
[Source "ChessBase"]
[SourceQuality "1"]
[TimeControl "40/5400+30:1800+30"]

1. e4 c5 2. Nf3 d6 3. d4 cxd4 4. Nxd4 Nf6 5. Nc3 a6 6. Be3 e6 7. Be2 b5 8. Bf3 e5 9. Nb3 Bb7 10. g4 b4 11. Nd5 Nxd5 12. exd5 Be7 13. Qd2 a5 14. a4 Nd7 15. h4 Qc7 16. g5 Nb6 17. Bxb6 Qxb6 18. Qe3 Qc7 19. Be4 Bd8 20. Nd2 Rc8 21. Qd3 Qc5 22. Rh3 Bb6 23. Rf3 Rc7 24. h5 Bc8 25. Bf5 Bxf5 26. Rxf5 O-O 27. Rc1 Qd4 28. Qb5 Qxb2 29. Rb1 Qd4 30. h6 Rxc2 31. hxg7 Qxd2+ 32. Kf1 Kxg7 33. Rf3 Bxf2 34. Qa6 Bh4 0-1

[Event "EYCC Open-U12 2019"]
[Site "Bratislava"]
[Date "2019.08.08"]
[Round "7.54"]
[White "Lazic, Emanuel"]
[Black "Jetzl, Julian"]
[Result "1-0"]
[ECO "B41"]
[WhiteElo "1449"]
[BlackElo "1719"]
[Annotator "NA"]
[PlyCount "147"]
[EventDate "2019.08.02"]
[EventType "swiss"]
[EventCountry "SVK"]
[SourceTitle "playchess.com"]
[Source "ChessBase"]
[SourceQuality "1"]
[TimeControl "40/5400+30:1800+30"]

1. e4 c5 2. Nf3 e6 3. d4 cxd4 4. Nxd4 a6 5. c4 Nf6 6. Nc3 Qc7 7. Be2 b6 8. O-O Bb7 9. f3 d6 10. Be3 Be7 11. Qd2 O-O 12. Rfc1 Re8 13. Kh1 Nbd7 14. Bf1 Rac8 15. a4 Qb8 16. a5 Bd8 17. axb6 Bxb6 18. Na4 Bc7 19. g3 Nb6 20. b4 Nxa4 21. Rxa4 Bb6 22. Nc2 Qa7 23. Bxb6 Qxb6 24. Nd4 Nd7 25. Ra2 Ne5 26. Be2 Rc7 27. b5 Rec8 28. bxa6 Ba8 29. Rac2 Rc5 30. Nb5 Rd8 31. Ra1 d5 32. exd5 exd5 33. Qf4 dxc4 34. Nc3 Nd3 35. Bxd3 cxd3 36. Na4 Rxc2 37. Nxb6 d2 38. Rd1 Rc1 39. Rxc1 Bxf3+ 40. Kg1 dxc1=Q+ 41. Qxc1 Rd1+ 42. Qxd1 Bxd1 43. a7 Bf3 44. a8=Q+ Bxa8 45. Nxa8 g6 46. Kf2 Kg7 47. Kf3 g5 48. Nc7 Kg6 49. Nd5 f5 50. Ne3 Kf6 51. Ng2 Ke5 52. Ke3 Kd5 53. Ne1 Ke5 54. Nf3+ Kf6 55. Kd4 h5 56. h4 gxh4 57. gxh4 Ke6 58. Ke3 Kf6 59. Kf4 Kg6 60. Nd4 Kf6 61. Nxf5 Kg6 62. Nd4 Kf6 63. Nf3 Kg6 64. Ke5 Kh6 65. Kf5 Kg7 66. Kg5 Kh7 67. Kxh5 Kg7 68. Kg5 Kh7 69. h5 Kg7 70. h6+ Kg8 71. Kg6 Kh8 72. Ng5 Kg8 73. h7+ Kh8 74. Nf7# 1-0

[Event "EYCC Open-U12 2019"]
[Site "Bratislava"]
[Date "2019.08.09"]
[Round "8.2"]
[White "Petrovskiy, Vadim"]
[Black "Makridis, Dimitrios"]
[Result "1-0"]
[ECO "B29"]
[WhiteElo "2090"]
[BlackElo "1798"]
[Annotator "NA"]
[PlyCount "139"]
[EventDate "2019.08.02"]
[EventType "swiss"]
[EventCountry "SVK"]
[SourceTitle "playchess.com"]
[Source "ChessBase"]
[SourceQuality "1"]
[TimeControl "40/5400+30:1800+30"]

1. e4 c5 2. Nf3 Nf6 3. e5 Nd5 4. Nc3 e6 5. b3 Nc6 6. Bb2 Be7 7. Bc4 Nxc3 8. dxc3 Qc7 9. Qe2 f6 10. exf6 Bxf6 11. O-O-O O-O 12. h4 d5 13. Bd3 Ne5 14. Nxe5 Qxe5 15. Qd2 a5 16. Kb1 a4 17. g4 a3 18. Ba1 c4 19. f4 Qc7 20. Be2 b5 21. g5 Be7 22. Rhf1 Ra6 23. b4 Rd8 24. Qe3 Rf8 25. Bg4 Kh8 26. Qd4 Qa7 27. Qd2 Qc7 28. Rde1 Bd6 29. Bxe6 Bxe6 30. Rxe6 Raa8 31. Qxd5 Bxf4 32. Qxb5 Bxg5 33. Rxf8+ Rxf8 34. Re8 Be7 35. Rxf8+ Bxf8 36. Qa6 Qe7 37. Qxa3 Qxh4 38. Qa8 Qf6 39. Bb2 h5 40. b5 Qf1+ 41. Bc1 Kh7 42. b6 Qf2 43. Qc6 Qe1 44. Qxc4 Ba3 45. Qd3+ Kh8 46. Qe3 Qh1 47. c4 Bxc1 48. Qxc1 Qc6 49. Qe3 Qxc4 50. Qe8+ Kh7 51. Qxh5+ Kg8 52. Qa5 Qf1+ 53. Kb2 Qf6+ 54. Kb3 Qe6+ 55. c4 Qe3+ 56. Kb4 Qe1+ 57. Kb5 Qe8+ 58. Kb4 Qe1+ 59. Ka4 Qe2 60. Qd5+ Kh7 61. c5 Qc2+ 62. Ka5 Qc3+ 63. Ka6 Qa3+ 64. Kb7 Qa5 65. Qe4+ g6 66. c6 Qxa2 67. c7 Qf7 68. Kb8 Qf6 69. c8=Q Qxb6+ 70. Qcb7+ 1-0

[Event "EYCC Open-U12 2019"]
[Site "Bratislava"]
[Date "2019.08.09"]
[Round "8.3"]
[White "Pidluznij, Gleb"]
[Black "Han, Yichen"]
[Result "1/2-1/2"]
[ECO "A48"]
[WhiteElo "1947"]
[BlackElo "2217"]
[Annotator "NA"]
[PlyCount "163"]
[EventDate "2019.08.02"]
[EventType "swiss"]
[EventCountry "SVK"]
[SourceTitle "playchess.com"]
[Source "ChessBase"]
[SourceQuality "1"]
[TimeControl "40/5400+30:1800+30"]

1. d4 Nf6 2. Nf3 g6 3. Nbd2 Bg7 4. e4 d6 5. Bb5+ c6 6. Bd3 O-O 7. O-O Nbd7 8. Re1 Qc7 9. c3 e5 10. a4 Re8 11. Nc4 Nf8 12. dxe5 dxe5 13. h3 Nh5 14. Qc2 Nf4 15. Bxf4 exf4 16. e5 Nd7 17. Nd6 Re7 18. Nxf7 Rxf7 19. e6 Rf8 20. exd7 Bxd7 21. Qb3+ Kh8 22. Ng5 Bf6 23. Ne6 Bxe6 24. Qxe6 Rad8 25. Rad1 f3 26. g3 Rd5 27. Bc4 Re5 28. Rxe5 Qxe5 29. Qxe5 Bxe5 30. Rd7 b5 31. axb5 cxb5 32. Bxb5 Rb8 33. c4 Bxb2 34. Rxa7 Rd8 35. Rd7 Rxd7 36. Bxd7 Bd4 37. Bc6 Kg7 38. Bxf3 Kf6 39. Bd5 g5 40. Kg2 Ke5 41. Kf3 h6 42. h4 Bc5 43. hxg5 hxg5 44. Ke2 Bb6 45. f3 Bc5 46. Kd3 Bf2 47. g4 Bc5 48. Kc3 Bd6 49. Bb7 Be7 50. Bd5 Bd6 51. Bb7 Be7 52. Bc8 Bd6 53. f4+ gxf4 54. Bb7 Be7 55. Kd3 Bc5 56. Bd5 Be7 57. Be4 Bc5 58. Bg2 Bb4 59. Bd5 Be7 60. Ke2 Bb4 61. Kf3 Bc5 62. Be4 Be7 63. Bd5 Bc5 64. Kg2 Bb4 65. Kf3 Bc5 66. Bb7 Bb4 67. Bc8 Kd4 68. Be6 Ke5 69. Bg8 Bc5 70. Bh7 Kd4 71. Bg8 Ke5 72. Bf7 Be7 73. Bd5 Bc5 74. Be4 Kd4 75. Kxf4 Kxc4 76. g5 Bd4 77. g6 Bg7 78. Kf5 Kc5 79. Ke6 Bd4 80. Kf7 Ba1 81. g7 Bxg7 82. Kxg7 1/2-1/2

[Event "EYCC Open-U12 2019"]
[Site "Bratislava"]
[Date "2019.08.09"]
[Round "8.4"]
[White "Vergara Anton, Diego"]
[Black "Vagman, Roy"]
[Result "0-1"]
[ECO "A49"]
[WhiteElo "2183"]
[BlackElo "1941"]
[Annotator "NA"]
[PlyCount "94"]
[EventDate "2019.08.02"]
[EventType "swiss"]
[EventCountry "SVK"]
[SourceTitle "playchess.com"]
[Source "ChessBase"]
[SourceQuality "1"]
[TimeControl "40/5400+30:1800+30"]

1. d4 Nf6 2. Nf3 g6 3. g3 Bg7 4. Bg2 d5 5. O-O O-O 6. Nbd2 c5 7. dxc5 Nbd7 8. Nb3 e6 9. c3 Qe7 10. h3 Nxc5 11. Nxc5 Qxc5 12. Be3 Qe7 13. Bd4 Ne4 14. Bxg7 Kxg7 15. Qd4+ Qf6 16. Rfd1 Nd6 17. Ne5 Nf5 18. Ng4 Nxd4 19. Nxf6 Nxe2+ 20. Kf1 Nxg3+ 21. fxg3 Kxf6 22. c4 Rd8 23. cxd5 exd5 24. Rac1 Bd7 25. Rc5 Be6 26. Rc7 b6 27. g4 Rdc8 28. Rxc8 Rxc8 29. Bxd5 Rd8 30. Bf3 Rxd1+ 31. Bxd1 Bxa2 32. Kf2 Ke5 33. Ke3 Bd5 34. g5 a5 35. Be2 Bc6 36. Bc4 Bd5 37. Be2 f5 38. gxf6 Kxf6 39. Kf4 g5+ 40. Kg4 Be6+ 41. Kg3 Ke5 42. Bd3 Bf5 43. Be2 Kd4 44. h4 Ke3 45. Bb5 h6 46. hxg5 hxg5 47. Bf1 Kd2 0-1

[Event "EYCC Open-U12 2019"]
[Site "Bratislava"]
[Date "2019.08.09"]
[Round "8.5"]
[White "von Mettenheim, Johannes"]
[Black "Tobak, Mikhail"]
[Result "0-1"]
[ECO "B07"]
[WhiteElo "1809"]
[BlackElo "1943"]
[Annotator "NA"]
[PlyCount "67"]
[EventDate "2019.08.02"]
[EventType "swiss"]
[EventCountry "SVK"]
[SourceTitle "playchess.com"]
[Source "ChessBase"]
[SourceQuality "1"]
[TimeControl "40/5400+30:1800+30"]

1. d4 d6 2. e4 Nf6 3. Nc3 g6 4. f3 c6 5. Be3 Qb6 6. a3 Bg7 7. Bc4 e5 8. Qd2 Qc7 9. Nge2 Nbd7 10. O-O O-O 11. Rad1 Re8 12. b4 b5 13. Bb3 a6 14. f4 exd4 15. Bxd4 c5 16. Bxf6 Nxf6 17. bxc5 Qxc5+ 18. Kh1 Be6 19. Bxe6 Rxe6 20. f5 Nxe4 21. Nxe4 Rxe4 22. f6 Bf8 23. Nf4 Bh6 24. g3 Bxf4 25. Rxf4 Rxf4 26. Qxf4 Qxc2 27. Rxd6 Re8 28. Rd2 Qc1+ 29. Kg2 Qxa3 30. Rd6 Qa2+ 31. Kh3 Qa1 32. Qe3 Qf1+ 33. Kg4 Qf5+ 34. Kh4 0-1

[Event "EYCC Open-U12 2019"]
[Site "Bratislava"]
[Date "2019.08.09"]
[Round "8.6"]
[White "Pavesi, Brando"]
[Black "Samadov, Read"]
[Result "0-1"]
[ECO "A45"]
[WhiteElo "2109"]
[BlackElo "2230"]
[Annotator "NA"]
[PlyCount "107"]
[EventDate "2019.08.02"]
[EventType "swiss"]
[EventCountry "SVK"]
[SourceTitle "playchess.com"]
[Source "ChessBase"]
[SourceQuality "1"]
[TimeControl "40/5400+30:1800+30"]

1. d4 Nf6 2. Bf4 e6 3. e3 c5 4. Nf3 Nc6 5. c3 Nh5 6. Bg5 Qb6 7. Qb3 h6 8. Bh4 g5 9. Bg3 Nxg3 10. hxg3 Bg7 11. g4 d5 12. Nbd2 Bd7 13. Be2 Na5 14. Qc2 Rc8 15. Bd3 a6 16. Ne5 Bxe5 17. dxe5 Nc6 18. Nf3 Qc7 19. Nxg5 Qxe5 20. Nf3 Qg7 21. Rh4 d4 22. Rd1 Ne5 23. Nxe5 Qxe5 24. g3 c4 25. Bf1 d3 26. Qd2 Bc6 27. f4 Qe4 28. Qf2 Rd8 29. Rd2 Qd5 30. Rh5 Qd6 31. Bg2 b5 32. Bxc6+ Qxc6 33. Qg2 Qxg2 34. Rxg2 Rg8 35. Rxh6 Rxg4 36. Rh8+ Ke7 37. Rxd8 Kxd8 38. Kd2 f5 39. b4 Ke7 40. Ke1 Rg8 41. Kd1 Rh8 42. Kd2 Kd6 43. g4 fxg4 44. Rxg4 Rh2+ 45. Kd1 Rc2 46. f5 exf5 47. Rg6+ Ke5 48. Rxa6 Rxc3 49. Ra5 Ke4 50. Rxb5 Rc2 51. Ra5 Rb2 52. Ra8 c3 53. Re8+ Kf3 54. Rc8 0-1

[Event "EYCC Open-U12 2019"]
[Site "Bratislava"]
[Date "2019.08.09"]
[Round "8.7"]
[White "Strybuk, Artsiom I"]
[Black "Kuhn, Clement"]
[Result "1-0"]
[ECO "D71"]
[WhiteElo "2193"]
[BlackElo "1979"]
[Annotator "NA"]
[PlyCount "119"]
[EventDate "2019.08.02"]
[EventType "swiss"]
[EventCountry "SVK"]
[SourceTitle "playchess.com"]
[Source "ChessBase"]
[SourceQuality "1"]
[TimeControl "40/5400+30:1800+30"]

1. d4 Nf6 2. c4 g6 3. g3 Bg7 4. Bg2 O-O 5. Nf3 d6 6. O-O Nc6 7. d5 Na5 8. Nfd2 c5 9. Nc3 a6 10. Qc2 b5 11. cxb5 axb5 12. Nxb5 Qb6 13. Nc3 Bf5 14. e4 Bc8 15. Rb1 Ba6 16. Rd1 Ng4 17. Nf3 Rfb8 18. Bd2 c4 19. Be1 Nb7 20. h3 Ne5 21. Nxe5 Bxe5 22. Kh2 Nc5 23. f4 Bg7 24. Bf2 Qc7 25. Bxc5 Qxc5 26. Re1 Bc8 27. Bf1 Bd7 28. Kg2 Ra7 29. Re2 Rab7 30. Nd1 Bd4 31. Kh2 Rb4 32. Nc3 Qa5 33. Rg2 f5 34. a3 Rb3 35. Bxc4 R3b7 36. Nd1 fxe4 37. Qxe4 Qc5 38. Qe2 Bf5 39. b4 Qc8 40. Rb3 Bxh3 41. Ba6 Qf8 42. Bxb7 Qh6 43. Qxe7 Rxb7 44. Qh4 Qxh4 45. gxh4 Bxg2 46. Kxg2 Rb5 47. Kf3 Bf6 48. a4 Rxd5 49. Ne3 Rd4 50. a5 Bd8 51. b5 Bxa5 52. b6 Bxb6 53. Rxb6 h6 54. Rb7 Kh8 55. Ng4 g5 56. fxg5 hxg5 57. hxg5 Rd1 58. Nf6 Rh1 59. Kg2 Rh4 60. g6 1-0

[Event "EYCC Open-U12 2019"]
[Site "Bratislava"]
[Date "2019.08.09"]
[Round "8.8"]
[White "Trost, Edvin"]
[Black "Ozkan, Taha"]
[Result "1/2-1/2"]
[ECO "C18"]
[WhiteElo "2069"]
[BlackElo "2140"]
[Annotator "NA"]
[PlyCount "166"]
[EventDate "2019.08.02"]
[EventType "swiss"]
[EventCountry "SVK"]
[SourceTitle "playchess.com"]
[Source "ChessBase"]
[SourceQuality "1"]
[TimeControl "40/5400+30:1800+30"]

1. e4 e6 2. d4 d5 3. Nc3 Bb4 4. e5 c5 5. a3 Bxc3+ 6. bxc3 Qc7 7. Qg4 f6 8. Nf3 c4 9. Be2 Nc6 10. Bf4 Qf7 11. Qg3 Nge7 12. exf6 gxf6 13. Nh4 Bd7 14. O-O O-O-O 15. Qe3 Ng6 16. Bg3 Nce7 17. Nxg6 Nxg6 18. Rab1 Ba4 19. Rb4 Bc6 20. Bg4 Rde8 21. Re1 Bd7 22. Bh5 b6 23. Bxg6 hxg6 24. Qf4 e5 25. Rxe5 Kb7 26. Rb1 Bf5 27. Ree1 Bxc2 28. Rbc1 Rxe1+ 29. Rxe1 Re8 30. Re3 Rxe3 31. Qxe3 Bf5 32. Bd6 Kc6 33. Qe7 Qe6 34. Qxe6 Bxe6 35. Be7 Kb5 36. Kf1 Ka4 37. Ke2 Kb3 38. Kd2 Bf5 39. h4 Bd3 40. g3 f5 41. Bf8 Be4 42. Be7 Bd3 43. Bf8 Bb1 44. Bb4 Be4 45. Bf8 a5 46. Be7 b5 47. Bc5 Kb2 48. Bd6 Bf3 49. Bc7 b4 50. axb4 axb4 51. cxb4 c3+ 52. Kd3 Be4+ 53. Ke2 c2 54. Bf4 Kc3 55. f3 Bd3+ 56. Ke1 Bb5 57. Be3 Kb2 58. g4 fxg4 59. fxg4 Be8 60. Kf2 c1=Q 61. Bxc1+ Kxc1 62. Ke3 Kc2 63. Kf4 Kc3 64. Ke5 Kc4 65. g5 Ba4 66. Kf6 Bc2 67. Ke6 Be4 68. b5 Kxb5 69. h5 gxh5 70. g6 Kc4 71. g7 Bh7 72. Ke5 h4 73. Kf4 Kxd4 74. Kg4 Ke3 75. Kxh4 d4 76. Kg5 d3 77. Kh6 Bg8 78. Kg6 d2 79. Kf6 d1=Q 80. Ke7 Ke4 81. Ke8 Ke5 82. Ke7 Qd6+ 83. Ke8 Qc7 1/2-1/2

[Event "EYCC Open-U12 2019"]
[Site "Bratislava"]
[Date "2019.08.09"]
[Round "8.9"]
[White "Meers, Hubert"]
[Black "Navumenka, Mikhei"]
[Result "1/2-1/2"]
[ECO "C03"]
[WhiteElo "2141"]
[BlackElo "2196"]
[Annotator "NA"]
[PlyCount "120"]
[EventDate "2019.08.02"]
[EventType "swiss"]
[EventCountry "SVK"]
[SourceTitle "playchess.com"]
[Source "ChessBase"]
[SourceQuality "1"]
[TimeControl "40/5400+30:1800+30"]

1. e4 e6 2. d4 d5 3. Nd2 Be7 4. Bd3 c5 5. dxc5 Nf6 6. Qe2 Qc7 7. Ngf3 dxe4 8. Nxe4 Nxe4 9. Bxe4 Nd7 10. c6 bxc6 11. O-O O-O 12. Nd4 Bb7 13. Qf3 Rac8 14. Bf4 Bd6 15. Bxd6 Qxd6 16. Rad1 Qe7 17. Rfe1 Nf6 18. Nb3 Nxe4 19. Qxe4 c5 20. Qe3 c4 21. Nd4 Rc5 22. Re2 Ra5 23. a3 g6 24. Red2 Qf6 25. c3 Re5 26. Qh3 Rh5 27. Qe3 Re5 28. Qh3 Qf4 29. Ne2 Qe4 30. f4 Rh5 31. Qg3 e5 32. Qf2 exf4 33. Rd4 Qc6 34. Rxf4 Rg5 35. Ng3 Re5 36. Rf1 f5 37. Ne2 Qxg2+ 38. Qxg2 Bxg2 39. Kxg2 Rxe2+ 40. R1f2 Rxf2+ 41. Kxf2 Rc8 42. Rd4 Rc7 43. Kf3 Kf7 44. Kf4 Ke6 45. h4 Rc8 46. Kg5 Rc7 47. Kf4 a5 48. a4 h6 49. Rd8 Rb7 50. Rh8 Rxb2 51. Rxh6 Rg2 52. h5 Kf6 53. hxg6 Rxg6 54. Rh8 Rg1 55. Rc8 Rg4+ 56. Kf3 Rh4 57. Kg3 Re4 58. Kf3 Kg6 59. Rc5 Kg5 60. Rxa5 Rh4 {[%emt 0:00:47] Ke4} 1/2-1/2

[Event "EYCC Open-U12 2019"]
[Site "Bratislava"]
[Date "2019.08.09"]
[Round "8.10"]
[White "Kanov, Nikola"]
[Black "Makkar, Rajat"]
[Result "0-1"]
[ECO "C54"]
[WhiteElo "1908"]
[BlackElo "2064"]
[Annotator "NA"]
[PlyCount "172"]
[EventDate "2019.08.02"]
[EventType "swiss"]
[EventCountry "SVK"]
[SourceTitle "playchess.com"]
[Source "ChessBase"]
[SourceQuality "1"]
[TimeControl "40/5400+30:1800+30"]

1. e4 e5 2. Nf3 Nc6 3. Bc4 Bc5 4. c3 Nf6 5. d3 h6 6. Nbd2 d6 7. Bb3 O-O 8. O-O a5 9. h3 Be6 10. Re1 Bxb3 11. axb3 d5 12. Qe2 Re8 13. Nf1 Qd7 14. Nh4 d4 15. Qf3 dxc3 16. bxc3 Rad8 17. Rd1 Qe6 18. Nf5 Ne7 19. Rxa5 b6 20. Nxe7+ Rxe7 21. Ra1 Qxb3 22. Bxh6 Qxc3 23. Ng3 Red7 24. Rac1 Qb3 25. Qf5 Rxd3 26. Rxd3 Rxd3 27. Bxg7 Kxg7 28. Qg5+ Kf8 29. Qxf6 Rxg3 30. Rxc5 Qb1+ 31. Kh2 Rxg2+ 32. Kxg2 Qxe4+ 33. f3 Qe2+ 34. Kg3 Qe1+ 35. Kg4 Qg1+ 36. Kh4 bxc5 37. Qh8+ Qg8 38. Qxe5 Qh7+ 39. Kg5 Qg6+ 40. Kf4 Qd6 41. Ke4 f6 42. Qa1 Ke7 43. h4 Qe6+ 44. Kf4 c4 45. Qc1 Qe5+ 46. Kg4 Qd4+ 47. Kh3 Qd3 48. Qf4 Qf1+ 49. Kh2 Qe2+ 50. Kh1 Qf1+ 51. Kh2 Qf2+ 52. Kh1 Qc5 53. Qe4+ Kd8 54. Qe6 Qd4 55. Qg8+ Ke7 56. Qg7+ Kd6 57. Qf8+ Ke5 58. Kg2 c5 59. Qb8+ Kf5 60. Qc8+ Kf4 61. Qg4+ Ke3 62. Qe6+ Kd2 63. Kf1 c3 64. Qe1+ Kc2 65. h5 Qd3+ 66. Qe2+ Qxe2+ 67. Kxe2 Kb1 68. h6 c2 69. h7 c1=Q 70. h8=Q Qb2+ 71. Kd3 Qd4+ 72. Ke2 c4 73. Qh7+ Kc1 74. Qf7 c3 75. Qf8 Qd2+ 76. Kf1 c2 77. Qa3+ Kd1 78. Qb3 Qd4 79. f4 Qxf4+ 80. Kg2 Qe4+ 81. Kf2 Kd2 82. Qa2 Qd4+ 83. Kf3 f5 84. Kg2 Kd1 85. Qb3 Qe4+ 86. Kh2 f4 0-1

[Event "EYCC Open-U12 2019"]
[Site "Bratislava"]
[Date "2019.08.09"]
[Round "8.11"]
[White "Bat, Bilguun"]
[Black "Shinkarov, Artem"]
[Result "1-0"]
[ECO "A06"]
[WhiteElo "2093"]
[BlackElo "1798"]
[Annotator "NA"]
[PlyCount "133"]
[EventDate "2019.08.02"]
[EventType "swiss"]
[EventCountry "SVK"]
[SourceTitle "playchess.com"]
[Source "ChessBase"]
[SourceQuality "1"]
[TimeControl "40/5400+30:1800+30"]

1. Nf3 d5 2. e3 Nf6 3. c4 c6 4. Nc3 g6 5. b3 Bg7 6. Bb2 O-O 7. d4 Nbd7 8. Be2 b6 9. O-O Bb7 10. Rc1 c5 11. dxc5 dxc4 12. b4 a5 13. b5 Nxc5 14. Bxc4 Nfe4 15. Nd4 Nxc3 16. Bxc3 Ne4 17. Ba1 Rc8 18. Qe2 Rc5 19. Rfd1 Qc8 20. Nb3 Bxa1 21. Nxc5 Nc3 22. Rxc3 Bxc3 23. Nd7 Rd8 24. Qd3 e6 25. Qxc3 Rxd7 26. Rxd7 Qxd7 27. f3 Qd6 28. Bb3 h5 29. Bc2 Qd5 30. a4 Qd6 31. e4 Kf8 32. e5 Qd7 33. Kf2 Ke8 34. Ke3 Qe7 35. Qd4 Qc7 36. Bd3 Qc1+ 37. Ke2 Qc7 38. Kf2 Kf8 39. h4 Ke7 40. Ke3 Qc1+ 41. Ke2 Qc7 42. Kf2 Ke8 43. Ke2 Bd5 44. Kd2 Ke7 45. Ke3 Qc1+ 46. Ke2 Qc7 47. Qe3 Ke8 48. Kd2 Bb7 49. g4 Qd8 50. gxh5 gxh5 51. Qf4 Qd5 52. Ke2 Qa2+ 53. Ke3 Qa1 54. Kf2 Qc3 55. Be2 Bd5 56. Qg5 Qd4+ 57. Kf1 Qxa4 58. Qe3 Qxh4 59. Qxb6 Qd8 60. Qc5 Qa8 61. b6 Bc6 62. Bb5 Bd7 63. Bxd7+ Kxd7 64. Qc7+ Ke8 65. b7 Qa6+ 66. Kf2 Qa7+ 67. Kg2 1-0